3AAA
SIOUX FALLS RED PANDAS @ VERMONT LAKE MONSTERS
06/05/2025
 
TOP OF THE 1ST
Sioux Falls Red Pandas batting - Pitching for Vermont Lake Monsters : RHP Jurgen Sagebrecht
Pitching: RHP Jurgen Sagebrecht
Batting: LHB Chris Etheridge 0-0: Called Strike
0-1: Ball
1-1: Ground out 4-3 (Groundball, 4M)
Batting: LHB Frank Wentworth 0-0: Foul Ball, location: 2F
0-1: Called Strike
0-2: Ball
1-2: Strikes out swinging
Batting: RHB Mario Piña 0-0: Called Strike
0-1: Fly out, F8 (Flyball, 78D)
Top of the 1st over - 0 run(s), 0 hit(s), 0 error(s), 0 left on base; Sioux Falls 0 - Vermont 0
BOTTOM OF THE 1ST
Vermont Lake Monsters batting - Pitching for Sioux Falls Red Pandas : RHP Mario González
Pitching: RHP Mario González
Batting: LHB Reijiro Sato 0-0: Ball
1-0: Swinging Strike
1-1: Ball
2-1: Fly out, F7 (Flyball, 7LS)
Batting: RHB Teddy Pelham 0-0: Ball
1-0: Ground out 6-3 (Groundball, 56D)
Batting: LHB Tim Hill 0-0: Ball
1-0: Swinging Strike
1-1: Ball
2-1: Ball
3-1: Called Strike
3-2: Base on Balls
Batting: LHB Manny Valentín 0-0: Ball
1-0: Swinging Strike
1-1: Foul Ball, location: 2F
1-2: Foul Ball, location: 2F
1-2: Strikes out looking
Bottom of the 1st over - 0 run(s), 0 hit(s), 0 error(s), 1 left on base; Sioux Falls 0 - Vermont 0
TOP OF THE 2ND
Sioux Falls Red Pandas batting - Pitching for Vermont Lake Monsters : RHP Jurgen Sagebrecht
Batting: LHB Magali Lenidas 0-0: Foul Ball, location: 2F
0-1: SINGLE (Groundball, 4D)
Batting: RHB Miguel Rodríguez 0-0: Ball
1-0: Swinging Strike
1-1: Called Strike
1-2: Strikes out swinging
Batting: LHB José Pacheco 0-0: Called Strike
0-1: Swinging Strike
0-2: Ball
1-2: Ball
2-2: Foul Ball, location: 2F
2-2: Ground out 4-3 (Groundball, 4S)
Magali Lenidas to second
Batting: LHB Mike Blue 0-0: Ball
1-0: Ball
2-0: SINGLE (Groundball, 6MD)
Magali Lenidas to third
Runner from 3rd tries for Home, SAFE, no throw
Batting: SHB Tsing Guao 0-0: Called Strike
0-1: Foul Ball, location: 2F
0-2: Ball
1-2: Foul Ball, location: 2F
1-2: Fly out, F8 (Flyball, 8RM)
Top of the 2nd over - 1 run(s), 2 hit(s), 0 error(s), 1 left on base; Sioux Falls 1 - Vermont 0
BOTTOM OF THE 2ND
Vermont Lake Monsters batting - Pitching for Sioux Falls Red Pandas : RHP Mario González
Batting: SHB Arturo Robles 0-0: Ball
1-0: Called Strike
1-1: Foul Ball, location: 2F
1-2: Ball
2-2: Ball
3-2: Foul Ball, location: 2F
3-2: Base on Balls
Batting: RHB Chuck Wolf 0-0: Ball
1-0: Swinging Strike
1-1: Foul Ball, location: 2F
1-2: Foul Ball, location: 2F
1-2: Foul Ball, location: 2F
1-2: Ball
2-2: Foul Ball, location: 2F
2-2: Strikes out swinging
Batting: RHB Domenic Gallard 0-0: Called Strike
0-1: SINGLE (Flyball, 8RS)
Arturo Robles to second
Batting: RHB Sean MacKnight 0-0: Called Strike
0-1: SINGLE (Line Drive, 7S)
Arturo Robles to third
Domenic Gallard to second
Runner from 3rd tries for Home, SAFE, no throw
Batting: RHB Fernando Castro 0-0: Called Strike
0-1: Ball
1-1: Ball
2-1: Foul Ball, location: 2F
2-2: Foul Ball, location: 2F
2-2: Fly out, F5 (Popup, 5L)
Batting: LHB Reijiro Sato 0-0: Ball
1-0: Ball
2-0: Ball
3-0: Base on Balls
Domenic Gallard to third
Sean MacKnight to second
Batting: RHB Teddy Pelham 0-0: Ball
1-0: Fly out, F3 (Line Drive, 3)
Bottom of the 2nd over - 1 run(s), 2 hit(s), 0 error(s), 3 left on base; Sioux Falls 1 - Vermont 1
TOP OF THE 3RD
Sioux Falls Red Pandas batting - Pitching for Vermont Lake Monsters : RHP Jurgen Sagebrecht
Batting: LHB Steve Riggs 0-0: Called Strike
0-1: Swinging Strike
0-2: Foul Ball, location: 2F
0-2: Strikes out swinging
Batting: LHB Chris Etheridge 0-0: Ball
1-0: Ball
2-0: Fly out, F9 (Flyball, 9S)
Batting: LHB Frank Wentworth 0-0: Ball
1-0: SINGLE (Groundball, 6MD)
Batting: RHB Mario Piña 0-0: Called Strike
0-1: Ball
1-1: Ball
2-1: Ball
3-1: Foul Ball, location: 2F
3-2: Foul Ball, location: 2F
3-2: Base on Balls
Frank Wentworth to second
Batting: LHB Magali Lenidas 0-0: Called Strike
0-1: Foul Ball, location: 2F
0-2: Ball
1-2: Ball
2-2: Ball
3-2: Foul Ball, location: 2F
3-2: DOUBLE (Line Drive, 9LM)
Frank Wentworth scores
Mario Piña to third
Mario Piña scores
Batting: RHB Miguel Rodríguez 0-0: Ball
1-0: Foul Ball, location: 2F
1-1: Ball
2-1: DOUBLE (Line Drive, 7LM)
Magali Lenidas scores
Batting: LHB José Pacheco 0-0: Called Strike
0-1: Swinging Strike
0-2: Ball
1-2: Foul Ball, location: 2F
1-2: Foul Ball, location: 2F
1-2: Foul Ball, location: 2F
1-2: Foul Ball, location: 2F
1-2: Ground out 1-3 (Groundball, 15)
Top of the 3rd over - 3 run(s), 3 hit(s), 0 error(s), 1 left on base; Sioux Falls 4 - Vermont 1
BOTTOM OF THE 3RD
Vermont Lake Monsters batting - Pitching for Sioux Falls Red Pandas : RHP Mario González
Batting: LHB Tim Hill 0-0: Called Strike
0-1: Ball
1-1: Foul Ball, location: 2F
1-2: Foul Ball, location: 2F
1-2: Ground out U3 (Groundball, 34)
Batting: LHB Manny Valentín 0-0: Swinging Strike
0-1: Fly out, F4 (Popup, 4)
Batting: SHB Arturo Robles 0-0: Ground out 4-3 (Groundball, 4)
Bottom of the 3rd over - 0 run(s), 0 hit(s), 0 error(s), 0 left on base; Sioux Falls 4 - Vermont 1
TOP OF THE 4TH
Sioux Falls Red Pandas batting - Pitching for Vermont Lake Monsters : RHP Jurgen Sagebrecht
Batting: LHB Mike Blue 0-0: Called Strike
0-1: Ball
1-1: Ground out 3-1 (Groundball, 34)
Batting: SHB Tsing Guao 0-0: Ball
1-0: Foul Ball, location: 2F
1-1: Ball
2-1: Called Strike
2-2: Foul Ball, location: 2F
2-2: Ball
3-2: Foul Ball, location: 2F
3-2: Foul Ball, location: 2F
3-2: SINGLE (Groundball, 6D)
Batting: LHB Steve Riggs 0-0: Fly out, F6 (Popup, 6)
Batting: LHB Chris Etheridge 0-0: Ball
1-0: Ball
2-0: Foul Ball, location: 2F
2-1: SINGLE (Line Drive, 4D)
Tsing Guao to second
Runner from 2nd tries for 3rd, SAFE, throw made to third
Batting: LHB Frank Wentworth 0-0: Ball
Chris Etheridge steals 2nd base
1-0: Ball
2-0: Called Strike
2-1: Ball
3-1: Fly out, F9 (Flyball, 9S)
Top of the 4th over - 0 run(s), 2 hit(s), 0 error(s), 2 left on base; Sioux Falls 4 - Vermont 1
BOTTOM OF THE 4TH
Vermont Lake Monsters batting - Pitching for Sioux Falls Red Pandas : RHP Mario González
Batting: RHB Chuck Wolf 0-0: Ball
1-0: Ball
2-0: Called Strike
2-1: Ball
3-1: Ground out 6-3 (Groundball, 6)
Batting: RHB Domenic Gallard 0-0: Ground out 6-3 (Groundball, 6)
Batting: RHB Sean MacKnight 0-0: Called Strike
0-1: Ball
1-1: Ball
2-1: Ball
3-1: Called Strike
3-2: Strikes out looking
Bottom of the 4th over - 0 run(s), 0 hit(s), 0 error(s), 0 left on base; Sioux Falls 4 - Vermont 1
TOP OF THE 5TH
Sioux Falls Red Pandas batting - Pitching for Vermont Lake Monsters : RHP Jurgen Sagebrecht
Batting: RHB Mario Piña 0-0: Ball
1-0: DOUBLE (Line Drive, 89XD)
Batting: LHB Magali Lenidas 0-0: Ball
1-0: Swinging Strike
1-1: Swinging Strike
1-2: Strikes out swinging
Batting: RHB Miguel Rodríguez 0-0: Ground out 6-3 (Groundball, 6)
Batting: LHB José Pacheco 0-0: Swinging Strike
0-1: Called Strike
0-2: Ball
1-2: Foul Ball, location: 2F
1-2: Ground out U3 (Groundball, 3L)
Top of the 5th over - 0 run(s), 1 hit(s), 0 error(s), 1 left on base; Sioux Falls 4 - Vermont 1
BOTTOM OF THE 5TH
Vermont Lake Monsters batting - Pitching for Sioux Falls Red Pandas : RHP Mario González
Batting: RHB Fernando Castro 0-0: Foul Ball, location: 2F
0-1: Called Strike
0-2: Ground out 4-3 (Groundball, 4)
Pitching: LHP Rio Bavin
Batting: LHB Reijiro Sato 0-0: Ball
1-0: Foul Ball, location: 2F
1-1: Called Strike
1-2: Ball
2-2: Foul Ball, location: 2F
2-2: Fly out, F6 (Flyball, 6D)
Batting: RHB Teddy Pelham 0-0: Foul Ball, location: 2F
0-1: Ball
1-1: SINGLE (Groundball, 3D)
Batting: LHB Tim Hill 0-0: Ball
1-0: Called Strike
1-1: Ball
2-1: Ball
3-1: Foul Ball, location: 2F
3-2: Base on Balls
Teddy Pelham to second
Batting: LHB Manny Valentín 0-0: TRIPLE (Flyball, 89D)
Teddy Pelham scores
Tim Hill scores
Batting: SHB Arturo Robles 0-0: Called Strike
0-1: Swinging Strike
0-2: Ball
1-2: Ball
2-2: Strikes out swinging
Bottom of the 5th over - 2 run(s), 2 hit(s), 0 error(s), 1 left on base; Sioux Falls 4 - Vermont 3
TOP OF THE 6TH
Sioux Falls Red Pandas batting - Pitching for Vermont Lake Monsters : RHP Jurgen Sagebrecht
Batting: LHB Mike Blue 0-0: Called Strike
0-1: Ball
1-1: Ball
2-1: Swinging Strike
2-2: Ball
3-2: Foul Ball, location: 2F
3-2: Fly out, F7 (Flyball, 7S)
Batting: SHB Tsing Guao 0-0: Called Strike
0-1: Ball
1-1: Ball
2-1: Foul Ball, location: 2F
2-2: Foul Ball, location: 2F
2-2: Foul Ball, location: 2F
2-2: Ground out U3 (Groundball, 34)
Batting: LHB Steve Riggs 0-0: Ball
1-0: Foul Ball, location: 2F
1-1: Foul Ball, location: 2F
1-2: Ball
2-2: Fly out, F7 (Flyball, 7S)
Top of the 6th over - 0 run(s), 0 hit(s), 0 error(s), 0 left on base; Sioux Falls 4 - Vermont 3
BOTTOM OF THE 6TH
Vermont Lake Monsters batting - Pitching for Sioux Falls Red Pandas : LHP Rio Bavin
Pitching: RHP Esteban Ruíz
Batting: RHB Chuck Wolf 0-0: Foul Ball, location: 2F
0-1: Foul Ball, location: 2F
0-2: Strikes out swinging
Batting: RHB Domenic Gallard 0-0: Called Strike
0-1: Foul Ball, location: 2F
0-2: Foul Ball, location: 2F
0-2: Ball
1-2: Ball
2-2: Ground out 6-3 (Groundball, 6)
Batting: RHB Sean MacKnight 0-0: Ball
1-0: Ball
2-0: Fly out, F9 (Flyball, 9LM)
Bottom of the 6th over - 0 run(s), 0 hit(s), 0 error(s), 0 left on base; Sioux Falls 4 - Vermont 3
TOP OF THE 7TH
Sioux Falls Red Pandas batting - Pitching for Vermont Lake Monsters : RHP Jurgen Sagebrecht
Batting: LHB Chris Etheridge 0-0: Ground out 5-3 (Groundball, 56S)
Batting: LHB Frank Wentworth 0-0: Ground out 4-3 (Groundball, 4)
Pitching: RHP Bill Lee
Batting: RHB Mario Piña 0-0: Ball
1-0: Fly out, F7 (Flyball, 7)
Top of the 7th over - 0 run(s), 0 hit(s), 0 error(s), 0 left on base; Sioux Falls 4 - Vermont 3
BOTTOM OF THE 7TH
Vermont Lake Monsters batting - Pitching for Sioux Falls Red Pandas : RHP Esteban Ruíz
Batting: RHB Fernando Castro 0-0: Foul Ball, location: 2F
0-1: Fly out, F9 (Flyball, 9)
Batting: LHB Reijiro Sato 0-0: Foul Ball, location: 2F
0-1: Foul Ball, location: 2F
0-2: Ball
1-2: Ball
2-2: Ball
3-2: Base on Balls
Pitching: RHP Dave Goode
Pinch Hitting: RHB Ray John 0-0: Foul Ball, location: 2F
0-1: Ball
1-1: Ball
2-1: Ball
3-1: Base on Balls
Reijiro Sato to second
Batting: LHB Tim Hill 0-0: DOUBLE (Line Drive, 8LM)
Reijiro Sato scores
Ray John to third
Runner from 3rd tries for Home, SAFE, throw made home
Batting: LHB Manny Valentín 0-0: Fly out, F6 (Line Drive, 6)
Batting: SHB Arturo Robles 0-0: Ball
1-0: Called Strike
1-1: Swinging Strike
1-2: Ball
2-2: Foul Ball, location: 2F
2-2: Ball
3-2: Foul Ball, location: 2F
3-2: SINGLE (Groundball, 6D)
Tim Hill to third
Tim Hill scores
Pitching: RHP Orlando Ángel
Batting: RHB Chuck Wolf 0-0: Foul Ball, location: 2F
0-1: Ball
1-1: Called Strike
1-2: Ball
2-2: Ball
3-2: Foul Ball, location: 2F
3-2: Strikes out swinging
Bottom of the 7th over - 3 run(s), 2 hit(s), 0 error(s), 1 left on base; Sioux Falls 4 - Vermont 6
TOP OF THE 8TH
Sioux Falls Red Pandas batting - Pitching for Vermont Lake Monsters : RHP Bill Lee
Now at 3B: José Bocanegra
Batting: LHB Magali Lenidas 0-0: Ball
1-0: Ground out 4-3 (Groundball, 34)
Batting: RHB Miguel Rodríguez 0-0: Ball
1-0: Ball
2-0: Ball
3-0: Base on Balls
Batting: LHB José Pacheco 0-0: Foul Ball, location: 2F
0-1: Ball
1-1: Called Strike
1-2: Foul Ball, location: 2F
1-2: Foul Ball, location: 2F
1-2: Ball
2-2: Ball
3-2: Foul Ball, location: 2F
3-2: Strikes out swinging
Batting: LHB Mike Blue 0-0: Fly out, F8 (Flyball, 8LD)
Top of the 8th over - 0 run(s), 0 hit(s), 0 error(s), 1 left on base; Sioux Falls 4 - Vermont 6
BOTTOM OF THE 8TH
Vermont Lake Monsters batting - Pitching for Sioux Falls Red Pandas : RHP Orlando Ángel
Batting: RHB Domenic Gallard 0-0: Ball
1-0: Swinging Strike
1-1: Ball
2-1: Called Strike
2-2: Ball
3-2: Foul Ball, location: 2F
3-2: Foul Ball, location: 2F
3-2: Base on Balls
Batting: RHB Sean MacKnight 0-0: Foul Ball, location: 2F
0-1: Foul Ball, location: 2F
0-2: Ball
1-2: Ball
2-2: Grounds into double play, 5-4-3 (Groundball, 5)
Batting: RHB Fernando Castro 0-0: Ball
1-0: Ball
2-0: Ball
3-0: Base on Balls
Batting: LHB Reijiro Sato 0-0: Ball
1-0: Ball
2-0: Called Strike
2-1: Fly out, F9 (Flyball, 9S)
Bottom of the 8th over - 0 run(s), 0 hit(s), 0 error(s), 1 left on base; Sioux Falls 4 - Vermont 6
TOP OF THE 9TH
Sioux Falls Red Pandas batting - Pitching for Vermont Lake Monsters : RHP Bill Lee
Pitching: RHP Wally Copeland
Batting: SHB Tsing Guao 0-0: Called Strike
0-1: Called Strike
0-2: Fly out, F9 (Flyball, 9S)
Batting: LHB Steve Riggs 0-0: Swinging Strike
0-1: Foul Ball, location: 2F
0-2: Ball
1-2: Fly out, F7 (Flyball, 7LS)
Batting: LHB Chris Etheridge 0-0: SINGLE (Groundball, 4D)
Batting: LHB Frank Wentworth 0-0: Called Strike
0-1: Foul Ball, location: 2F
0-2: Ball
1-2: Foul Ball, location: 2F
1-2: SINGLE (Line Drive, 8LS)
Chris Etheridge to second
Pinch Hitting: LHB Tony Reynolds 0-0: Ball
1-0: Ball
2-0: Ball
3-0: Called Strike
3-1: Foul Ball, location: 2F
3-2: Foul Ball, location: 2F
3-2: Foul Ball, location: 2F
3-2: Fly out, F7 (Flyball, 7S)
Top of the 9th over - 0 run(s), 2 hit(s), 0 error(s), 2 left on base; Sioux Falls 4 - Vermont 6
Friday, December 30th, 2016 - OOTP Baseball 17.12 Build 75